 Dungeon Crawl Stone Soup version 0.17.0-24-gcfadda4 (webtiles) character file.

15976 4thArraOfDagon the Cleaver (level 12, -12/67 HPs)
             Began as a Vine Stalker Berserker on Nov 17, 2015.
             Was a Priest of Trog.
             Mangled by an eight-headed hydra (13 damage)
             ... on level 7 of the Lair of Beasts.
             The game lasted 00:17:04 (2229 turns).

4thArraOfDagon the Cleaver (Vine Stalker Berserker) Turns: 2229, Time: 00:17:04

Health: -12/67     AC:  9    Str: 23    XL:     12   Next: 32%
Magic:  0/16       EV: 11    Int:  7    God:    Trog [***...]
Gold:   260        SH:  0    Dex: 16    Spells: 0 memorised, 11 levels left

rFire  . . .     SeeInvis .     a - +0 hand axe
rCold  . . .     Clarity  .     m - +0 scale mail of the Hall of Blades {rPois rCorr} (curse)
rNeg   + . .     SustAt   .     (no shield)
rPois  +         Gourm    .     (no helmet)
rElec  .         Spirit   +     (no cloak)
rCorr  +         Warding  .     (no gloves)
rMut   .         Stasis   .     (no boots)
MR     +++..                    (no amulet)
Stlth  ..........               i - +1 ring of protection
                                j - ring of positive energy

@: exhausted, regenerating, slowed, very slow, extremely resistant to hostile
enchantments, extremely unstealthy
A: fangs 3, regeneration 3, magic shield, antimagic bite, no device heal 3, rot
immunity
a: Berserk, Trog's Hand, Burn Spellbooks, Renounce Religion


You were on level 7 of the Lair of Beasts.
You worshipped Trog.
Trog was most pleased with you.
You were not hungry.

You visited 2 branches of the dungeon, and saw 13 of its levels.

You collected 260 gold pieces.

Inventory:

Hand Weapons
 a - a +0 hand axe (weapon)
Armour
 m - the cursed +0 scale mail of the Hall of Blades (worn) {rPois rCorr}
   (You found it on level 4 of the Lair of Beasts)

   It protects you from poison.
   It protects you from acid and corrosion.
   It has a curse placed upon it.
Jewellery
 i - a +1 ring of protection (right hand)
 j - a ring of positive energy (left hand)
Wands
 o - a wand of paralysis (9)
Scrolls
 e - 2 scrolls of recharging
 g - a scroll of magic mapping
Potions
 b - 3 potions of curing {unknown}
 k - a potion of poison {unknown}
 l - 2 potions of might
Miscellaneous
 f - a lamp of fire (inert)
Comestibles
 c - a bread ration
 d - 4 chunks of flesh
 n - a meat ration
 p - a royal jelly


   Skills:
 + Level 9.6 Fighting
 * Level 12.8 Axes
 + Level 8.5 Armour
 - Level 1.5 Dodging
 + Level 4.8 Evocations


You had 11 spell levels left.
You didn't know any spells.

Dungeon Overview and Level Annotations

Branches:
Dungeon (8/15)               Lair (8/8) D:8           Slime (0/6) Lair:6
 Temple: D:4-7        Swamp: Lair:3-6    Shoals: Lair:3-6     Snake: Lair:3-6
 Spider: Lair:3-6

Altars:
Fedhas
Jiyva

Annotations:
Lair:6 1 runed door


Innate Abilities, Weirdness & Mutations

You have razor-sharp teeth.
You regenerate.
When hurt, damage is shared between your health and your magic reserves.
Your bite disrupts and absorbs the magic of your enemies.
Potions and wands cannot restore your health.
You are immune to rotting.


Message History

Drop what? 16/52 slots (_ for help) (? for menu, Esc to quit)
You drop a book of Beasts.
Unknown command.
Unknown command.
Your skin crawls.
You feel resistant to hostile enchantments.
You feel slightly more hungry. The eight-headed hydra bites you.
The eight-headed hydra bites you! The eight-headed hydra bites you.
The eight-headed hydra bites you. The eight-headed hydra bites you!
The eight-headed hydra bites you!
* * * LOW HITPOINT WARNING * * *
The eight-headed hydra bites you!
* * * LOW HITPOINT WARNING * * *
The eight-headed hydra bites you but does no damage. x3
The eight-headed hydra bites you. The eight-headed hydra bites you!
* * * LOW HITPOINT WARNING * * *
The eight-headed hydra bites you but does no damage.
The eight-headed hydra closely misses you.
The eight-headed hydra bites you!
You die...

#........ ###....#... #
#.......P.. #.
##........... ##P
#............. #P.P
#...†..........
#P..#..............
##.....D............
#......@............ #..
###..................#..
#......................
#....P.................
#......................
##......................
##.......................
#........................
#......................88


You could see an eight-headed hydra.

Vanquished Creatures
  Kirke (Lair:6)
  3 black mambas
  4 elephants (Lair:7)
  7 spiny frogs
  A fire drake (Lair:3)
  2 blink frogs (Lair:7)
  3 polar bears (Lair:8)
  3 redbacks (Lair:8)
  17 yaks
  2 spriggans (Lair:8)
  A deep elf fighter (D:8)
  2 hippogriffs
  3 hogs (Lair:7)
  4 basilisks (Lair:7)
  12 wolves
  4 water moccasins
  3 porcupines
  A wasp (Lair:8)
  An ogre (D:8)
  6 crocodiles
  A centaur (D:8)
  A giant frog (Lair:7)
  A crimson imp (D:8)
  An orc wizard (D:6)
  2 hounds (D:7)
  3 iguanas
  3 worker ants
  5 river rats (D:8)
  An adder (D:8)
  A shadow imp (D:6)
  3 orcs (D:6)
  A giant cockroach (D:2)
  2 hobgoblins (D:1)
  3 jackals (D:1)
  7 bats
  A giant newt (D:1)
  A goblin (D:1)
  A quokka (D:2)
  11 rats
  4 fungi
133 creatures vanquished.

Vanquished Creatures (collateral kills)
  A black bear (Lair:8)
1 creature vanquished.

Vanquished Creatures (others)
  A blink frog (Lair:6)
  A wolf (Lair:8)
  3 plants
5 creatures vanquished.

Grand Total: 139 creatures vanquished

Notes
Turn   | Place    | Note
--------------------------------------------------------------
     0 | D:1      | 4thArraOfDagon the Vine Stalker Berserker began the quest for the Orb.
     0 | D:1      | Reached XP level 1. HP: 11/11 MP: 2/2
    42 | D:1      | Reached XP level 2. HP: 14/16 MP: 3/3
    49 | D:1      | Reached skill level 3 in Axes
   115 | D:2      | Found a blossoming altar of Fedhas.
   194 | D:3      | Found a faded altar to an unknown god.
   197 | D:3      | You fall through a shaft for 3 floors!
   204 | D:6      | Reached XP level 3. HP: 20/20 MP: 4/4
   210 | D:6      | Reached ** piety under Trog
   210 | D:6      | Reached XP level 4. HP: 20/24 MP: 3/5
   211 | D:6      | Reached skill level 4 in Axes
   343 | D:7      | Reached XP level 5. HP: 12/28 MP: 4/6
   522 | D:8      | Gained mutation: You heal very quickly. [Vine Stalker growth]
   522 | D:8      | Reached XP level 6. HP: 10/33 MP: 7/7
   525 | D:8      | Noticed a crocodile
   545 | D:8      | Killed a crocodile
   545 | D:8      | Reached skill level 5 in Axes
   550 | D:8      | Noticed a centaur
   555 | D:8      | Killed a centaur
   612 | D:8      | Noticed a yak
   613 | D:8      | quality ring
   615 | D:8      | Noticed an ogre
   622 | D:8      | Killed an ogre
   622 | D:8      | Reached XP level 7. HP: 37/37 MP: 8/8
   627 | D:8      | Killed a yak
   627 | D:8      | Reached skill level 6 in Axes
   664 | D:8      | Found a staircase to the Lair.
   664 | D:8      | Noticed a deep elf fighter
   669 | D:8      | Killed a deep elf fighter
   681 | D:8      | Reached skill level 7 in Fighting
   681 | D:8      | Reached skill level 10 in Axes
   681 | D:8      | Gained mutation: You have razor-sharp teeth. [Vine Stalker growth]
   681 | D:8      | Reached XP level 8. HP: 41/46 MP: 9/9
   704 | Lair:1   | Entered Level 1 of the Lair of Beasts
   711 | Lair:1   | Noticed a spiny frog
   720 | Lair:1   | Killed a spiny frog
   720 | Lair:1   | Reached XP level 9. HP: 44/50 MP: 10/10
   799 | Lair:1   | Noticed a five-headed hydra
   951 | Lair:2   | Noticed a spiny frog
   957 | Lair:2   | Killed a spiny frog
  1028 | Lair:3   | Noticed a fire drake
  1046 | Lair:3   | Killed a fire drake
  1054 | Lair:3   | Noticed a black mamba
  1088 | Lair:3   | Killed a black mamba
  1108 | Lair:3   | Noticed a black mamba
  1117 | Lair:3   | Killed a black mamba
  1117 | Lair:3   | Reached XP level 10. HP: 53/56 MP: 9/11
  1164 | Lair:3   | Reached skill level 11 in Axes
  1267 | Lair:3   | Noticed an elephant
  1267 | Lair:3   | Noticed an elephant
  1267 | Lair:3   | Noticed an elephant
  1267 | Lair:3   | Noticed an elephant
  1268 | Lair:3   | Noticed an elephant
  1322 | Lair:4   | Reached skill level 1 in Evocations
  1323 | Lair:4   | Reached *** piety under Trog
  1395 | Lair:4   | Got a jet-encrusted scale mail
  1406 | Lair:4   | Identified the cursed +0 scale mail of the Hall of Blades {rPois rCorr} (You found it on level 4 of the Lair of Beasts)
  1415 | Lair:4   | You fall through a shaft for 3 floors!
  1431 | Lair:7   | Noticed an elephant
  1432 | Lair:7   | Noticed an elephant
  1433 | Lair:7   | Noticed an elephant
  1435 | Lair:7   | Noticed an elephant
  1446 | Lair:7   | Killed an elephant
  1455 | Lair:7   | Killed an elephant
  1456 | Lair:7   | Killed an elephant
  1457 | Lair:7   | Killed an elephant
  1457 | Lair:7   | Reached XP level 11. HP: 50/60 MP: 13/13
  1498 | Lair:8   | Entered Level 8 of the Lair of Beasts
  1582 | Lair:8   | Noticed a spriggan rider
  1597 | Lair:8   | Killed a spriggan
  1598 | Lair:8   | Killed a wasp
  1603 | Lair:8   | Reached skill level 12 in Axes
  1616 | Lair:8   | HP: 2/60 [wolf (4)]
  1889 | Lair:6   | Found a runed door.
  1914 | Lair:6   | Noticed Kirke
  1960 | Lair:7   | Noticed a lindwurm
  1979 | Lair:6   | Killed Kirke
  1979 | Lair:6   | Gained mutation: You regenerate. [Vine Stalker growth]
  1979 | Lair:6   | Reached XP level 12. HP: 67/67 MP: 16/16
  2065 | Lair:6   | Found a viscous altar of Jiyva.
  2066 | Lair:6   | Found a staircase to the Slime Pits.
  2131 | Lair:7   | HP: 3/67 [blink frog (12)]
  2219 | Lair:7   | Noticed an eight-headed hydra
  2229 | Lair:7   | HP: 1/67 [eight-headed hydra (8)]
  2229 | Lair:7   | Mangled by an eight-headed hydra

Action                   |  1- 3 |  4- 6 |  7- 9 | 10-12 || total
-------------------------+-------+-------+-------+-------++-------
Melee: Hand axe          |    39 |    78 |    65 |   284 ||   466
Invok: Berserk           |     2 |     3 |     6 |    13 ||    24
       Trog's Hand       |       |     1 |     5 |    12 ||    18
       Burn Spellbooks   |       |       |       |     1 ||     1
Evoke: Lamp of fire      |       |       |       |     1 ||     1
  Use: Scroll            |       |       |     4 |     3 ||     7
       Potion            |       |       |     2 |       ||     2
  Eat: Chunk             |       |     4 |     5 |    16 ||    25
       Royal jelly       |       |       |     1 |       ||     1
       Pizza             |       |       |     1 |       ||     1
       Bread ration      |       |       |       |     1 ||     1
